 Dungeon Crawl Stone Soup version 0.29.1-13-g9f3cf754e1 (webtiles) character file.

Game seed: 15881612950656357906

152 DeadRuby the Cutter (level 5, -7/33 HPs)
             Began as a Kobold Fighter on Feb 11, 2023.
             Killed by nerve-wracking pain
             ... invoked by Grinder
              (9 damage)
             ... on level 3 of the Dungeon.
             The game lasted 00:20:43 (2688 turns).

DeadRuby the Cutter (Kobold Fighter)                Turns: 2688, Time: 00:20:43

Health: -7/33      AC: 16    Str: 16    XL:     5   Next: 60%
Magic:  5/5        EV:  8    Int:  9    God:
Gold:   48         SH:  5    Dex: 14    Spells: 4/4 levels left

rFire   . . .      SeeInvis .   l - +1 dagger (drain)
rCold   . . .      Faith    .   c - +0 buckler
rNeg    . . .      Spirit   .   z - +4 chain mail {rPois}
rPois   +          Reflect  .   (no helmet)
rElec   .          Harm     .   i - +2 cloak
rCorr   .          Rampage  .   (no gloves)
Will    .....                   (no boots)
Stlth   ..........              (no amulet)
HPRegen 0.11/turn               (no ring)
MPRegen 0.09/turn               (no ring)

@: no status effects
A: small, no large weapons, nightstalker 3
a: no special abilities


You were on level 3 of the Dungeon.
You visited 1 branch of the dungeon, and saw 3 of its levels.

You collected 48 gold pieces.

Inventory:

Hand Weapons
 a - a +0 rapier
 j - a +0 short sword
 k - a +0 dagger
 l - a +1 dagger of draining (weapon)
 o - a +0 whip
 r - a +0 spear
 t - a +0 whip
 u - a +0 dagger
 v - a +0 short sword
 w - a +0 short sword
 x - a +0 dagger
 y - a +0 hand axe
 B - a +0 dagger
 C - a +0 short sword
 F - the +5 short sword "Bisiyf" {spect, Will+}
   (You found it on level 2 of the Dungeon)

   When its wielder attacks, the weapon's spirit leaps out and strikes again.
   The spirit shares a part of any damage it takes with its wielder.
   Will:      It increases your willpower.
 G - a +0 short sword
 H - a +0 mace
 J - a +0 short sword
 K - a +0 dagger
Missiles
 h - 5 poisoned darts (quivered)
 p - 18 stones
Armour
 b - a +0 scale mail
 c - a +0 buckler (worn)
 g - a +0 robe
 i - a +2 cloak (worn)
 m - a +0 ring mail
 n - a +0 leather armour
 s - a +0 cloak
 z - a +4 chain mail of poison resistance (worn)
 D - a +0 leather armour
 L - a +0 leather armour
Scrolls
 q - a scroll of torment
 I - a scroll of blinking
Potions
 d - a potion of might
 f - a potion of magic {unknown}
 A - a potion of mutation {unknown}
 E - a potion of heal wounds


   Skills:
 + Level 3.9 Fighting
 + Level 4.1 Short Blades
 + Level 3.3 Armour
 + Level 1.4 Dodging
 + Level 0.1 Stealth
 + Level 3.1 Shields


You had 4 spell levels left.
You didn't know any spells.
Your spell library was empty.

Dungeon Overview and Level Annotations

Branches:
Dungeon (3/15)

Altars:

Shops:
D:1 :(

Annotations:
D:3 Grinder


Innate Abilities, Weirdness & Mutations

You are small and have problems with some larger weapons.
You are completely attuned to the shadows.


Message History

You feel better.
Grinder says, "I used to sell toenails on the black market."
Grinder blinks!
Things that are here:
a +0 club; a scroll of magic mapping You see here 6 gold pieces.
Grinder says, "Wait up."
Grinder hits you.
You hit Grinder but do no damage.
Grinder is moderately wounded.
Grinder hits you.
* * * LOW HITPOINT WARNING * * *
You writhe in agony.
* * * LOW HITPOINT WARNING * * *
You hit Grinder but do no damage.
Grinder is moderately wounded.
Grinder closely misses you.
You barely miss Grinder.
Grinder is moderately wounded.
Grinder blinks!
Grinder attacks as you move away! Grinder hits you but does no damage.
Grinder blinks!
You hit Grinder.
Grinder is heavily wounded.
You block Grinder's attack.
You hit Grinder but do no damage.
Grinder is heavily wounded.
Grinder barely misses you.
Found an escape hatch in the floor.
Grinder says, "DUCK!"
Grinder gestures at you. Pain shoots through your body!
* * * LOW HITPOINT WARNING * * *
Grinder hits you but does no damage. Grinder attacks as you move away!
Grinder hits you but does no damage. Grinder gestures at you.
You barely resist. Grinder gestures at you. Pain shoots through your body!
You die...

...## ....#
#.# ...## #.#
#.## #.# #.#
#.# #.#
#####.#####
#'##
#.....$)..#
...##
#.#<......#
.††.## #
#......@###
..<..##
#.........#
......#
.#.........##
>.....+
........5....
......#
##....>..####
.....##
#.......#
....##
####.####
...## #.#
#+## #.#


You could see Grinder.

Vanquished Creatures
  Natasha (D:3)
  Terence (D:2)
  Ijyb (D:3)
  2 adders (D:2)
  2 dart slugs
  3 ball pythons
  5 endoplasms
  2 giant cockroaches (D:2)
  6 goblins
  4 hobgoblins
  4 kobolds
  5 quokkas
  9 bats
  4 frilled lizards
  6 rats
55 creatures vanquished.

Notes
Turn   | Place    | Note
-------+----------+-------------------------------------------
     0 | D:1      | DeadRuby the Kobold Fighter began the quest for the Orb.
     0 | D:1      | Reached XP level 1. HP: 14/14 MP: 1/1
    74 | D:1      | Found Puezukla's Weapon Shop.
   244 | D:1      | Found Vood Wax's Book Emporium.
   308 | D:1      | Reached XP level 2. HP: 16/19 MP: 2/2
   481 | D:1      | Reached skill level 3 in Short Blades
   820 | D:1      | Reached XP level 3. HP: 15/23 MP: 3/3
  1211 | D:1      | You fall into a shaft and drop 1 floor!
  1269 | D:2      | Noticed Terence
  1278 | D:2      | Killed Terence
  1279 | D:2      | Reached XP level 4. HP: 27/28 MP: 4/4
  1291 | D:2      | Reached skill level 1 in Dodging
  1679 | D:2      | Identified the +5 short sword "Bisiyf" {spect, Will+}
  1936 | D:2      | Reached XP level 5. HP: 22/33 MP: 5/5
  2239 | D:3      | Noticed Ijyb
  2265 | D:3      | Killed Ijyb
  2536 | D:3      | Noticed Natasha
  2555 | D:3      | Killed Natasha
  2556 | D:3      | Reached skill level 4 in Short Blades
  2620 | D:3      | Noticed Grinder
  2627 | D:3      | Paralysed by Grinder for 2 turns
  2654 | D:3      | Paralysed by Grinder for 2 turns
  2680 | D:3      | HP: 1/33 [Grinder/nerve-wracking pain (3)]
  2688 | D:3      | Killed from afar by Grinder

Illustrated notes

Levels and vault maps discovered:
D:1:      dpeg_arrival_round_c, layout_basic, serial_shops, shop,
          nicolae_shop_advertising_works [nicolae_subvault_shop_adworks]
D:2:      layout_loops_ring, uniq_terence
D:3:      kennysheep_big_flooded_room, layout_loops_corners,
          nicolae_shop_vocational, uniq_robin, uniq_natasha, uniq_ijyb,
          uniq_grinder

Skill      XL: |  1  2  3  4  5 |
---------------+----------------+-----
Short Blades   | 3 4 |  4.1
Armour         | 3 |  3.3
Dodging        | 1 |  1.4
Shields        | 3 |  3.1
Fighting       | |  3.9
Stealth        | |  0.1

Action                   |  1- 3 |  4- 6 || total
-------------------------+-------+-------++-------
Melee: Rapier            |    57 |       ||    57
       Dagger            |    31 |   146 ||   177
Throw: Stone             |     9 |       ||     9
       Dart              |     1 |       ||     1
  Use: Scroll            |       |     5 ||     5
       Potion            |       |     2 ||     2
Armor: Scale mail        |    51 |     3 ||    54
       Chain mail        |       |    95 ||    95
Dodge: Dodged            |    59 |    83 ||   142
Block: Buckler           |    42 |    52 ||    94
